 Dungeon Crawl Stone Soup version 0.28.0-45-g0d030f2227 (webtiles) character file.

Game seed: 523537051254928603

29 MisterFreud the Poker (level 3, 0/34 HPs)
             Began as a Naga Fighter on May 3, 2022.
             Slain by an adder (2 damage)
             ... on level 2 of the Dungeon.
             The game lasted 00:00:58 (975 turns).

MisterFreud the Poker (Naga Fighter)                 Turns: 975, Time: 00:00:59

Health: 0/34       AC:  4    Str: 20    XL:     3   Next: 16%
Magic:  3/3        EV:  7    Int:  8    God:
Gold:   14         SH:  4    Dex: 10    Spells: 2/2 levels left

rFire   . . .      SeeInvis +   a - +0 trident
rCold   . . .      Faith    .   c - +0 buckler
rNeg    . . .      Spirit   .   b - +0 scale mail
rPois   +          Reflect  .   (no helmet)
rElec   .          Harm     .   (no cloak)
rCorr   .          Rampage  .   (no gloves)
Will    .....                   (no barding)
Stlth   ..........              (no amulet)
HPRegen 0.11/turn               (no ring)
MPRegen 0.08/turn               (no ring)

@: very slow
A: AC +1, large, see invisible, deformed body, poison resistance, slowness 2,
spit poison 1, naga tail 1
a: Spit Poison


You were on level 2 of the Dungeon.
You visited 1 branch of the dungeon, and saw 2 of its levels.

You collected 14 gold pieces.

Inventory:

Hand Weapons
 a - a +0 trident (weapon)
Armour
 b - a +0 scale mail (worn)
 c - a +0 buckler (worn)
Scrolls
 e - a scroll of identify {unknown}
 f - a scroll of teleportation {unknown}
 h - a scroll of immolation {unknown}
Potions
 d - a potion of might
 g - 2 potions of attraction {unknown}
 i - a potion of curing {unknown}


   Skills:
 - Level 3.0 Fighting
 + Level 3.4 Polearms
 - Level 2.4 Armour
 - Level 2.4 Shields


You had 2 spell levels left.
You didn't know any spells.
Your spell library was empty.

Dungeon Overview and Level Annotations

Branches:
Dungeon (2/15)

Altars:


Innate Abilities, Weirdness & Mutations

Your serpentine skin is tough. (AC +1)
You have supernaturally acute eyesight. (SInv)
Armour fits poorly on your strangely shaped body.
Your system is resistant to poisons. (rPois)
You cover ground very slowly.
You can spit poison.
You have a snake-like lower body.


Message History

The adder bites you.
You are poisoned.
The adder poisons you!
You feel sick. The adder bites you.
You feel sick.
You feel sick.
You are no longer poisoned.
The adder bites you.
You are poisoned.
The adder poisons you!
You miss the adder.
The adder is heavily wounded.
You feel sick. You block the adder's attack. x2
You hit the adder but do no damage.
The adder is heavily wounded.
You feel sick. The adder bites you.
You barely miss the adder.
The adder is heavily wounded.
You feel sick. The adder barely misses you. You block the adder's attack.
You closely miss the adder.
The adder is heavily wounded.
You feel sick.
You are no longer poisoned.
The adder bites you.
You are poisoned.
The adder poisons you! The adder barely misses you.
You miss the adder.
The adder is heavily wounded.
You feel sick. The adder completely misses you.
You feel sick. The adder bites you.
* * * LOW HITPOINT WARNING * * *
You feel sick. The adder bites you.
* * * LOW HITPOINT WARNING * * *
* * * LOW HITPOINT WARNING * * *
You feel sick.
You feel sick.
You are no longer poisoned.
The adder bites you but does no damage. The adder bites you.
You die...

...... ..#.#
......##>#.##########
.....)...?.....[....##########
..........#########.##........
.......................#######
..........###w#####.##.#
.......<..# #.# #.##.#
......#..## #S# #.##.# #
.######..# #@#####.##.######.
#..# #...^............# #..#
#######........... ...
####.######. #.# #. #.# #. ..#
#. #.. #. ### #.


You could see a worm and an adder.

Vanquished Creatures
  2 dart slugs
  6 endoplasms (D:1)
  2 giant cockroaches (D:1)
  A hobgoblin (D:1)
  2 jackals (D:1)
  A quokka (D:1)
  A bat (D:1)
  3 frilled lizards (D:1)
  4 kobolds
  A rat (D:1)
23 creatures vanquished.

Notes
Turn   | Place    | Note
-------+----------+-------------------------------------------
     0 | D:1      | MisterFreud the Naga Fighter began the quest for the Orb.
     0 | D:1      | Reached XP level 1. HP: 21/21 MP: 1/1
   196 | D:1      | Reached XP level 2. HP: 28/28 MP: 2/2
   206 | D:1      | Found a faded altar of an unknown god.
   700 | D:1      | Reached XP level 3. HP: 34/34 MP: 3/3
   975 | D:2      | Slain by an adder

Illustrated notes

Levels and vault maps discovered:
D:1:      dpeg_arrival_leaves_temple_mockup, layout_basic,
          hellmonk_ecumenical_altar_arch_garden
D:2:      layout_loops_ring, kennysheep_generic_room_7

Skill      XL: |  1  2 |
---------------+-------+-----
Polearms       | 3 |  3.4
Fighting       | |  3.0
Armour         | |  2.4
Shields        | |  2.4

Action                   || total
-------------------------++-------
Melee: Trident           ||    51
 Abil: Spit Poison       ||    18
Armor: Scale mail        ||    18
Dodge: Dodged            ||    14
Block: Buckler           ||     8
